 Dungeon Crawl Stone Soup version 0.32-a0-597-g8e3e136d6a (webtiles) character file.

Game seed: 7046537134859959247

31 dolemite99 the Shooter (level 3, -2/26 HPs)
             Began as a Coglin Hexslinger on Mar 2, 2024.
             Slain by a ribbon worm (4 damage)
             ... on level 2 of the Dungeon.
             The game lasted 00:01:15 (859 turns).

dolemite99 the Shooter (Coglin Hexslinger)           Turns: 859, Time: 00:01:15

Health: -2/26      AC:  2    Str:  8    XL:     3   Next: 22%
Magic:  4/4        EV: 12    Int: 12    God:
Gold:   94         SH:  0    Dex: 18    Spells: 4/4 levels left

rFire   . . .        a - +1 sling {Uttamveer}
rCold   . . .        k - +0 sling {Centenhua}
rNeg    . . .        c - +0 robe
rPois   .            (no helmet)
rElec   .            (no cloak)
rCorr   .            (no gloves)
SInv    .            (no boots)
Will    .....        (amulet unavailable)
Stlth   ++           (ring unavailable)
HPRegen 0.24/turn    (ring unavailable)
MPRegen 0.09/turn    (no gizmo)

%: no passive effects
@: revving
A: off-hand wielding, slow wielding, warmup strikes, no jewellery
a: Invent Gizmo


You were on level 2 of the Dungeon.
You visited 1 branch of the dungeon, and saw 2 of its levels.

You collected 94 gold pieces.

Inventory:

Hand Weapons
 a - a +1 sling (weapon) {Uttamveer}
 k - a +0 sling (offhand) {Centenhua}
Armour
 c - a +0 robe (worn)
Scrolls
 b - a scroll of poison
 f - a scroll of identify {unknown}
 g - a scroll of noise {unknown}
 h - 2 scrolls of revelation {unknown}
 i - a scroll of acquirement {unknown}
 j - a scroll of vulnerability {unknown}


   Skills:
 - Level 1.0 Fighting
 + Level 3.2 Ranged Weapons
 - Level 1.7 Dodging
 - Level 1.0 Spellcasting
 - Level 2.6 Hexes
 - Level 0.8 Fire Magic


You had 4 spell levels left.
You didn't know any spells.
Your spell library contained the following spells:

 Spells                   Type           Power      Damage    Failure   Level
 Slow                     Hex            28%        N/A       10%         1
 Jinxbite                 Hex            14%        N/A       16%         2
 Confusing Touch          Hex            7%         N/A       30%         3
 Sigil of Binding         Hex            7%         N/A       30%         3
 Inner Flame              Hex/Fire       4%         N/A       41%         3
 Vampiric Draining        Necr           0%         2d6       65%         3
 Cause Fear               Hex            3%         N/A       69%         4
 Dimensional Bullseye     Hex/Tloc       1%         N/A       86%         4


Dungeon Overview and Level Annotations

Branches:
Dungeon (2/15)

Altars:


Innate Abilities, Weirdness & Mutations

You can wield a second weapon in your off-hand.
It takes a long time for you to wield or remove held weapons.
Your first few attacks do less damage.
You cannot equip rings or amulets.


Message History

You shoot a sling bullet. The sling bullet hits the ribbon worm.
The ribbon worm is lightly wounded.
You shoot a sling bullet.
The sling bullet barely misses the ribbon worm.
The ribbon worm misses you.
You shoot a sling bullet.
The sling bullet completely misses the ribbon worm.
You shoot a sling bullet.
The sling bullet barely misses the ribbon worm.
You shoot a sling bullet. The sling bullet hits the ribbon worm.
The ribbon worm is moderately wounded.
You shoot a sling bullet. The sling bullet hits the ribbon worm.
The ribbon worm is heavily wounded.
The ribbon worm bites you.
You shoot a sling bullet. The sling bullet hits the ribbon worm!
The ribbon worm is almost dead.
You shoot a sling bullet.
The sling bullet hits the ribbon worm but does no damage.
The ribbon worm is almost dead.
The ribbon worm bites you!
* * * LOW HITPOINT WARNING * * *
You shoot a sling bullet.
The sling bullet completely misses the ribbon worm.
You shoot a sling bullet. The sling bullet hits the ribbon worm.
The ribbon worm is almost dead.
The ribbon worm bites you.
* * * LOW HITPOINT WARNING * * *
Okay, then.
Unknown command.
It was a potion of curing.
You feel better.
The ribbon worm expels a string of sticky webbing.
The stream of webbing hits you but does no damage.
You are caught in a web!
You cannot shoot with your sling while caught in a web.
Unknown command.
You struggle to detach yourself from the web.
The ribbon worm bites you!
* * * LOW HITPOINT WARNING * * *
The web tears apart.
The ribbon worm bites you.
You die...

### #.. #.# # #.# .#
####.#####.#
#<...#.....#
#.##.....######
#.##.#.#.#....##### .#
#......#.....@....#
...####....##...w..#.#
......<....##....#.#
.....................
...#...#.#######.#.#..
.. #.:.#... ..#.#...#
. ######### #.# # ###
...


You could see a ribbon worm.

Vanquished Creatures
  4 ball pythons (D:1)
  3 endoplasms (D:1)
  3 goblins (D:1)
  A hobgoblin (D:1)
  9 jackals
  2 bats (D:1)
  3 kobolds (D:1)
  2 rats (D:1)
27 creatures vanquished.

Notes
Turn   | Place    | Note
-------+----------+-------------------------------------------
     0 | D:1      | dolemite99 the Coglin Hexslinger began the quest for the
                  | Orb.
     0 | D:1      | Reached XP level 1. HP: 15/15 MP: 2/2
    66 | D:1      | Reached skill level 2 in Ranged Weapons
   229 | D:1      | Reached XP level 2. HP: 21/21 MP: 3/3
   384 | D:1      | Reached skill level 3 in Ranged Weapons
   583 | D:1      | Reached XP level 3. HP: 26/26 MP: 4/4
   859 | D:2      | Slain by a ribbon worm

Illustrated notes

Levels and vault maps discovered:
D:1:      dpeg_arrival_radiant, layout_basic
D:2:      layout_basic, hellmonk_ecumenical_altar_slurped_away, basic_altar,
          kennysheep_generic_room_9

Skill      XL: |  1  2 |
---------------+-------+-----
Ranged Weapons | 2 3 |  3.2
Fighting       | |  1.0
Dodging        | |  1.7
Spellcasting   | |  1.0
Hexes          | |  2.6
Fire Magic     | |  0.8

Action                     || total
---------------------------++-------
   Fire: Sling             ||   114
    Use: Potion            ||     1
 Armour: Robe              ||    17
  Dodge: Dodged            ||    29

Table legend: (Time is in decaauts)
 A = Elapsed time spent in this place.
 B = Non-inter-level travel time spent in this place.
 C = Inter-level travel time spent in this place.
 D = Time resting spent in this place.
 E = Time spent auto-exploring this place.
 F = Levels seen in this place.
 G = Mean time per level.
                   A        B        C        D        E       F      G
               +--------+--------+--------+--------+--------+-----+--------+
         Total |    873 |    849 |     24 |    294 |    395 |   2 |  436.5 |
       Dungeon |    873 |    849 |     24 |    294 |    395 |   2 |  436.5 |
               +--------+--------+--------+--------+--------+-----+--------+

Top non-repeatable levels by time:
     D:1: 823 daAuts
     D:2: 49 daAuts
